 Dungeon Crawl Stone Soup version 0.26-a0-831-g7192265339 (webtiles) character file.

Game seed: 1638356492579732573

425 reriks the Chucker (level 6, 0/66 HPs)
             Began as an Ogre Hunter on Nov 15, 2020.
             Killed from afar by an orc wizard (6 damage)
             ... with a magic dart
             ... on level 4 of the Dungeon.
             The game lasted 00:12:18 (6446 turns).

reriks the Chucker (Ogre Hunter)                    Turns: 6446, Time: 00:12:19

Health: 0/66       AC:  5    Str: 17    XL:     6   Next: 96%
Magic:  6/6        EV: 15    Int: 14    God:
Gold:   248        SH:  0    Dex:  9    Spells: 5/5 levels left

rFire    . . .     SeeInvis .   v - +0 giant spiked club
rCold    . . .     Faith    .   (shield currently unavailable)
rNeg     . . .     Spirit   .   b - +0 robe
rPois    .         Reflect  .   (helmet restricted)
rElec    .         Harm     .   e - +1 cloak
rCorr    .         Rampage  .   (gloves unavailable)
MR       .....                  (boots unavailable)
Stlth    +.........             (no amulet)
HPRegen  0.21/turn              A - +4 ring of evasion
MPRegen  0.10/turn              (no ring)

@: very slightly contaminated, hasted, invisible, very quick
A: large, unfitting armour, tough skin 1
a: no special abilities


You were on level 4 of the Dungeon.
You visited 1 branch of the dungeon, and saw 5 of its levels.

You collected 248 gold pieces.

Inventory:

Hand Weapons
 a - a +0 short sword
 h - a +4 mace
 u - the +8 hunting sling of the Unkillable {freeze, rN+ MR+ Str-2 Stlth+, unknown}
   (You found it on level 4 of the Dungeon)

   It causes projectiles fired from it to freeze those they strike, causing
   extra injury to most foes and up to half again as much damage against
   particularly susceptible opponents.
   They can also slow down cold-blooded creatures.
   It affects your strength (-2).
   It protects you from negative energy.
   It affects your resistance to hostile enchantments.
   It makes you more stealthy.
 v - a +0 giant spiked club (weapon)
Missiles
 f - 85 stones (quivered)
 g - 9 poisoned darts
 t - 6 atropa-tipped darts
 w - 5 javelins
Armour
 b - a +0 robe (worn)
 e - a +1 cloak (worn)
Jewellery
 j - a cursed ring of attention
 A - a +4 ring of evasion (left hand)
Wands
 q - a wand of iceblast (3)
Scrolls
 p - a scroll of remove curse
Potions
 i - a potion of lignification
 m - a potion of might {unknown}
 n - 4 potions of flight
 r - a potion of resistance {unknown}
 s - 2 potions of curing {unknown}
 z - a potion of ambrosia {unknown}


   Skills:
 + Level 5.1 Fighting
 * Level 0.1 Maces & Flails
 * Level 5.3 Throwing
 * Level 2.6 Armour
 - Level 3.5 Dodging
 - Level 0.6 Stealth


You had 5 spell levels left.
You didn't know any spells.
Your spell library was empty.

Dungeon Overview and Level Annotations

Branches:
Dungeon (5/15)
 Temple: D:4-7

Altars:
Nemelex Xobeh
Ru

Annotations:
D:2 Sigmund
D:4 3 runed translucent doors, Grant146's ghost, novice MiBe


Innate Abilities, Weirdness & Mutations

You are too large for most types of armour.
You have tough skin. (AC +1)


Message History

You barely miss the orc wizard.
The orc wizard is moderately wounded.
The orc wizard casts a spell at you. You resist with some effort.
The orc wizard completely misses you.
You closely miss the orc wizard.
The orc wizard is moderately wounded.
The orc wizard closely misses you. x2
You closely miss the orc wizard.
The orc wizard is moderately wounded.
The orc wizard misses you.
You feel yourself speed up.
The orc wizard points at you and mumbles some strange words.
You resist with some effort.
You barely miss the orc wizard.
The orc wizard is moderately wounded.
The orc wizard points at you and mumbles some strange words.
You resist with some effort. The orc wizard casts a spell at you.
The magic dart hits you.
You die...

#................#
#.##############.# #.############
#<# #########.#..........# #.#
............########.###.########
.#...........##..................
.#.####...##.##.##########.#..###
.#.####.####.#.(.<.# #.#..#
.#.#......(....o@.(# #.#..#
.....##.####(#....(#######....###
##.####.# #.##.#.##(............
##.# #.# #.##.#.##.###########.
...# #.# #.##.#.##.# #. #### #.#
#.##.#.##)# ## # #.# #.##.#.##)#
# #.# #.##.#.##.# # #.#
##.##.#.##.#


You could see an orc wizard.

Vanquished Creatures
  An ogre (D:4)
  2 hounds (D:4)
  Crazy Yiuf (D:2)
  Jessica (D:2)
  2 orc wizards (D:2)
  A worker ant (D:2)
  3 adders
  A white imp (D:5)
  An adder skeleton (D:3)
  3 worms
  2 dart slugs (D:1)
  2 leopard geckos (D:2)
  10 orcs
  7 bats
  4 giant cockroaches
  7 goblins
  11 hobgoblins
  7 jackals
  13 kobolds
  2 quokkas
  3 frilled lizards
  11 rats
95 creatures vanquished.

Notes
Turn   | Place    | Note
-------+----------+-------------------------------------------
     0 | D:1      | reriks the Ogre Hunter began the quest for the Orb.
     0 | D:1      | Reached XP level 1. HP: 22/22 MP: 1/1
   178 | D:2      | Reached XP level 2. HP: 8/29 MP: 2/2
  1197 | D:2      | Noticed Jessica
  1274 | D:1      | Reached XP level 3. HP: 37/37 MP: 3/3
  1489 | D:2      | Reached skill level 1 in Armour
  2075 | D:2      | Killed Jessica
  2076 | D:2      | Reached XP level 4. HP: 46/46 MP: 4/4
  2260 | D:2      | Noticed Sigmund
  2807 | D:2      | Reached XP level 5. HP: 52/54 MP: 5/5
  2955 | D:3      | Found a sparkling altar of Nemelex Xobeh.
  3093 | D:3      | Found a sacrificial altar of Ru.
  4011 | D:4      | Reached XP level 6. HP: 45/63 MP: 6/6
  4325 | D:4      | Reached skill level 5 in Throwing
  4406 | D:4      | Found a runed translucent gate.
  4408 | D:4      | Found a runed translucent gate.
  4408 | D:4      | Noticed Grant146's ghost (novice MiBe)
  4409 | D:4      | Found a runed translucent gate.
  4444 | D:4      | Got a steaming hunting sling
  4731 | D:4      | Reached skill level 5 in Fighting
  5106 | D:2      | Found a runed translucent door.
  5107 | D:2      | Noticed Crazy Yiuf
  5347 | D:2      | Killed Crazy Yiuf
  5688 | D:5      | Entered Level 5 of the Dungeon
  5738 | D:5      | HP: 1/66 [orc wizard/puff of flame (8)]
  6075 | D:4      | HP: 2/66 [something (6)]
  6446 | D:4      | Killed from afar by an orc wizard

Illustrated notes

Levels and vault maps discovered:
D:1:      dpeg_arrival_stonehenge_8_columns, layout_loops_ring
D:2:      layout_rooms, uniq_crazy_yiuf_cottage, uniq_sigmund, uniq_jessica
D:3:      corexii_shack_village, layout_basic, lemuel_doored_altar,
          lemuel_crystal_altar
D:4:      layout_loops_ring, ebering_ghost_rock_garden, minmay_tree_intersection
D:5:      layout_loops_ring, riverfiend_overflow_shadow_ancestor,
          lemuel_coloured_pillars_altar, serial_shops, shop,
          portal_sewer_entry_d, kennysheep_nub

Skill      XL: |  1  2  3  4  5  6 |
---------------+-------------------+-----
Fighting       | 3 4 5 |  5.1
Dodging        | 2 3 |  3.5
Armour         | 1 2 |  2.6
Throwing       | 5 |  5.3
Maces & Flails | |  0.1
Stealth        | |  0.6

Action                   |  1- 3 |  4- 6 || total
-------------------------+-------+-------++-------
Melee: Short sword       |   111 |    22 ||   133
       Mace              |       |   116 ||   116
       Giant spiked club |       |   104 ||   104
Throw: Stone             |    58 |   142 ||   200
       Large rock        |       |    20 ||    20
       Throwing net      |       |     4 ||     4
  Use: Scroll            |       |    10 ||    10
       Potion            |       |     4 ||     4
 Stab: Sleeping          |     1 |       ||     1
Armor: Robe              |    33 |    88 ||   121
Dodge: Dodged            |    69 |   179 ||   248

Table legend: (Time is in decaauts)
 A = Elapsed time spent in this place.
 B = Non-inter-level travel time spent in this place.
 C = Inter-level travel time spent in this place.
 D = Time resting spent in this place.
 E = Time spent auto-exploring this place.
 F = Levels seen in this place.
 G = Mean time per level.
                   A        B        C        D        E       F      G
               +--------+--------+--------+--------+--------+-----+--------+
         Total |   6572 |   6103 |    469 |   2493 |   2228 |   5 | 1314.4 |
       Dungeon |   6572 |   6103 |    469 |   2493 |   2228 |   5 | 1314.4 |
               +--------+--------+--------+--------+--------+-----+--------+

Top non-repeatable levels by time:
     D:2: 1954 daAuts
     D:3: 1579 daAuts
     D:1: 1489 daAuts
     D:4: 1470 daAuts
     D:5: 78 daAuts
